ORI
ARIZONA STATE UNIVERSITY SUN DEVILS @ REDLANDS EAST VALLEY WILDCATS
10/15/2049
 
TOP OF THE 1ST
California State University at Fullerton Titans batting - Pitching for University of Nebraska Cornhuskers : RHP Reshid Menderes
Pitching: RHP Reshid Menderes
Batting: LHB Mike Fernandez 0-0: Ball
1-0: Called Strike
1-1: Foul Ball, location: 2F
1-2: Foul Ball, location: 2F
1-2: Strikes out swinging
Batting: LHB Jim Snell 0-0: Ball
1-0: Foul Ball, location: 2F
1-1: Fly out, F1 (Popup, 15, EV 76.9 MPH)
Batting: RHB Simon Sultzbach 0-0: Ball
1-0: Swinging Strike
1-1: Ball
2-1: Ball
3-1: Foul Ball, location: 2F
3-2: Foul Ball, location: 2F
3-2: Ground out 6-3 (Groundball, 4M, EV 87.5 MPH)
Top of the 1st over - 0 runs, 0 hits, 0 errors, 0 left on base; California State University at Fullerton 0 - University of Nebraska 0
BOTTOM OF THE 1ST
University of Nebraska Cornhuskers batting - Pitching for California State University at Fullerton Titans : RHP Lance Greven
Pitching: RHP Lance Greven
Batting: RHB Mario Lopec 0-0: Ball
1-0: Ball
2-0: Called Strike
2-1: Ball
3-1: Base on Balls
Batting: LHB Bob Appleby 0-0: Ball
1-0: 2-RUN HOME RUN (Flyball, 89XD, EV 104.4 MPH), Distance : 443 ft
Batting: RHB Zion Jones 0-0: Ball
1-0: Foul Ball, location: 2F
1-1: Foul Ball, location: 2F
1-2: Foul Ball, location: 2F
1-2: Ball
2-2: DOUBLE (Flyball, 9LD, EV 103.8 MPH)
Batting: LHB Jose Gonzalez 0-0: Foul Ball, location: 2F
0-1: Foul Ball, location: 2F
0-2: Fly out, F7 (Flyball, 7LS, EV 88.1 MPH)
Batting: RHB Chris Anthony 0-0: Ball
1-0: Called Strike
1-1: Ball
2-1: Called Strike
2-2: DOUBLE (Line Drive, 7LM, EV 108.1 MPH)
Zion Jones scores
Batting: RHB Matt Peters 0-0: Called Strike
Chris Anthony steals 3rd base
0-1: Foul Ball, location: 2F
0-2: Ball
1-2: Strikes out looking
Batting: LHB Mike Rawson 0-0: Called Strike
0-1: Ball
Passed Ball!
Chris Anthony scores
1-1: Called Strike
1-2: Ball
2-2: Strikes out swinging
Bottom of the 1st over - 4 runs, 3 hits, 0 errors, 0 left on base; California State University at Fullerton 0 - University of Nebraska 4
TOP OF THE 2ND
California State University at Fullerton Titans batting - Pitching for University of Nebraska Cornhuskers : RHP Reshid Menderes
Batting: LHB Alberto Aguilar 0-0: Ball
1-0: Swinging Strike
1-1: Foul Ball, location: 2F
1-2: Strikes out swinging
Batting: RHB Justin Thomas 0-0: Ball
1-0: Called Strike
1-1: Foul Ball, location: 2F
1-2: Strikes out swinging
Batting: LHB John Blumberg 0-0: Ball
1-0: Swinging Strike
1-1: Swinging Strike
1-2: Ball
2-2: Foul Ball, location: 2F
2-2: Ground out U3 (Groundball, 3, EV 86.2 MPH)
Top of the 2nd over - 0 runs, 0 hits, 0 errors, 0 left on base; California State University at Fullerton 0 - University of Nebraska 4
BOTTOM OF THE 2ND
University of Nebraska Cornhuskers batting - Pitching for California State University at Fullerton Titans : RHP Lance Greven
Batting: LHB Alfonso Escalante 0-0: Called Strike
0-1: Foul Ball, location: 2F
0-2: Strikes out swinging
Batting: RHB Tariq Garane 0-0: Ball
1-0: Called Strike
1-1: Ball
2-1: Reached on error, E2 (Groundball, 15S, EV 68.8 MPH)
Batting: RHB Mario Lopec 0-0: Fielders Choice at 2nd, 5-4 (Groundball, 5, EV 91.9 MPH)
Batting: LHB Bob Appleby 0-0: Called Strike
0-1: Ball
Mario Lopec steals 2nd base
1-1: Ball
2-1: Fly out, F9 (Line Drive, 9LM, EV 105.0 MPH)
Bottom of the 2nd over - 0 runs, 0 hits, 1 error, 1 left on base; California State University at Fullerton 0 - University of Nebraska 4
TOP OF THE 3RD
California State University at Fullerton Titans batting - Pitching for University of Nebraska Cornhuskers : RHP Reshid Menderes
Batting: LHB Steve Lane 0-0: Foul Ball, location: 2F
0-1: Ground out U3 (Groundball, 34, EV 82.5 MPH)
Batting: RHB Alex Freyre 0-0: Called Strike
0-1: Ball
1-1: Swinging Strike
1-2: Foul Ball, location: 2F
1-2: Ball
2-2: Foul Ball, location: 2F
2-2: Ground out 4-3 (Groundball, 4S, EV 90.0 MPH)
Batting: RHB Takayashi Hori 0-0: Ground out 4-3 (Groundball, 4S, EV 73.1 MPH)
Top of the 3rd over - 0 runs, 0 hits, 0 errors, 0 left on base; California State University at Fullerton 0 - University of Nebraska 4
BOTTOM OF THE 3RD
University of Nebraska Cornhuskers batting - Pitching for California State University at Fullerton Titans : RHP Lance Greven
Batting: RHB Zion Jones 0-0: Ball
1-0: Ball
2-0: Foul Ball, location: 2F
2-1: Foul Ball, location: 2F
2-2: Strikes out swinging
Batting: LHB Jose Gonzalez 0-0: Ball
1-0: Foul Ball, location: 2F
1-1: Ball
2-1: Ball
3-1: DOUBLE (Line Drive, 8RXD, EV 108.8 MPH)
Batting: RHB Chris Anthony 0-0: SINGLE (Groundball, 13S, EV 65.6 MPH) (infield hit)
Jose Gonzalez to third
Batting: RHB Matt Peters 0-0: Ball
1-0: Called Strike
Chris Anthony steals 2nd base
1-1: Fly out, F7 (Flyball, 7S, EV 86.9 MPH)
Batting: LHB Mike Rawson 0-0: Ball
1-0: Called Strike
1-1: Ball
2-1: Swinging Strike
2-2: DOUBLE (Groundball, 5L, EV 101.2 MPH)
Jose Gonzalez scores
Chris Anthony scores
Pitching: RHP Jordan Vasquez
Batting: LHB Alfonso Escalante 0-0: Swinging Strike
0-1: Ball
1-1: DOUBLE (Flyball, 78XD, EV 103.1 MPH)
Mike Rawson scores
Batting: RHB Tariq Garane 0-0: Called Strike
0-1: Ball
1-1: Foul Ball, location: 2F
1-2: Ground out 4-3 (Groundball, 4, EV 84.4 MPH)
Bottom of the 3rd over - 3 runs, 4 hits, 0 errors, 1 left on base; California State University at Fullerton 0 - University of Nebraska 7
TOP OF THE 4TH
California State University at Fullerton Titans batting - Pitching for University of Nebraska Cornhuskers : RHP Reshid Menderes
Batting: LHB Mike Fernandez 0-0: Called Strike
0-1: Swinging Strike
0-2: Strikes out looking
Batting: LHB Jim Snell 0-0: Ball
1-0: Ball
2-0: Called Strike
2-1: Ball
3-1: Swinging Strike
3-2: Strikes out swinging, 2-3 out at first.
Batting: RHB Simon Sultzbach 0-0: Called Strike
0-1: Ball
1-1: Ball
2-1: Fly out, F8 (Flyball, 89D, EV 96.2 MPH)
Top of the 4th over - 0 runs, 0 hits, 0 errors, 0 left on base; California State University at Fullerton 0 - University of Nebraska 7
BOTTOM OF THE 4TH
University of Nebraska Cornhuskers batting - Pitching for California State University at Fullerton Titans : RHP Jordan Vasquez
Batting: RHB Mario Lopec 0-0: SOLO HOME RUN (Flyball, 7LD, EV 99.4 MPH), Distance : 366 ft
Batting: LHB Bob Appleby 0-0: Ball
1-0: Called Strike
1-1: Swinging Strike
1-2: Fly out, F6 (Popup, 6MS, EV 60.0 MPH)
Batting: RHB Zion Jones 0-0: Fly out, F3 (Popup, 3L, EV 69.4 MPH)
Batting: LHB Jose Gonzalez 0-0: DOUBLE (Line Drive, 7LS, EV 93.8 MPH)
Batting: RHB Chris Anthony 0-0: Ground out 5-3 (Groundball, 56, EV 88.1 MPH)
Bottom of the 4th over - 1 run, 2 hits, 0 errors, 1 left on base; California State University at Fullerton 0 - University of Nebraska 8
TOP OF THE 5TH
California State University at Fullerton Titans batting - Pitching for University of Nebraska Cornhuskers : RHP Reshid Menderes
Batting: LHB Alberto Aguilar 0-0: Called Strike
0-1: Ball
1-1: Foul Ball, location: 2F
1-2: Strikes out swinging
Batting: RHB Justin Thomas 0-0: Ball
1-0: Ball
2-0: Called Strike
2-1: Swinging Strike
2-2: Foul Ball, location: 2F
2-2: Strikes out looking
Batting: LHB John Blumberg 0-0: Foul Ball, location: 2F
0-1: Ball
1-1: Hit by Pitch
Batting: LHB Steve Lane 0-0: Ball
John Blumberg steals 2nd, throwing error, E2
John Blumberg to third
1-0: Foul Ball, location: 2F
1-1: Foul Ball, location: 2F
1-2: Foul Ball, location: 2F
1-2: Ball
2-2: Strikes out swinging
Top of the 5th over - 0 runs, 0 hits, 1 error, 1 left on base; California State University at Fullerton 0 - University of Nebraska 8
BOTTOM OF THE 5TH
University of Nebraska Cornhuskers batting - Pitching for California State University at Fullerton Titans : RHP Jordan Vasquez
Batting: RHB Matt Peters 0-0: Ball
1-0: Ball
2-0: Called Strike
2-1: Foul Ball, location: 2F
2-2: Ball
3-2: Base on Balls
Batting: LHB Mike Rawson 0-0: Fly out, F8 (Flyball, 8LM, EV 89.4 MPH)
Batting: LHB Alfonso Escalante 0-0: Ball
1-0: Ball
2-0: Ball
3-0: Base on Balls
Matt Peters to second
Batting: RHB Tariq Garane 0-0: Ball
1-0: Called Strike
1-1: Fly out, F7 (Flyball, 7, EV 78.8 MPH)
Batting: RHB Mario Lopec 0-0: Called Strike
0-1: Foul Ball, location: 2F
0-2: Ball
1-2: Ball
2-2: 3-RUN HOME RUN (Line Drive, 7D, EV 100.0 MPH), Distance : 393 ft
Batting: LHB Bob Appleby 0-0: Ball
1-0: Ball
2-0: Ball
3-0: Called Strike
3-1: Foul Ball, location: 2F
3-2: Base on Balls
Batting: RHB Zion Jones 0-0: Called Strike
0-1: Swinging Strike
0-2: Foul Ball, location: 2F
0-2: Ball
1-2: Ball
2-2: Foul Ball, location: 2F
2-2: Foul Ball, location: 2F
2-2: Fielders Choice at 2nd, 5-4 (Groundball, 56, EV 84.4 MPH)
Bottom of the 5th over - 3 runs, 1 hit, 0 errors, 1 left on base; California State University at Fullerton 0 - University of Nebraska 11
TOP OF THE 6TH
California State University at Fullerton Titans batting - Pitching for University of Nebraska Cornhuskers : RHP Reshid Menderes
Batting: RHB Alex Freyre 0-0: Foul Ball, location: 2F
0-1: Ground out 4-3 (Groundball, 4, EV 105.0 MPH)
Batting: RHB Takayashi Hori 0-0: Fly out, F7 (Line Drive, 7LM, EV 86.9 MPH)
Batting: LHB Mike Fernandez 0-0: Ball
1-0: Fly out, F9 (Line Drive, 89M, EV 104.4 MPH)
Top of the 6th over - 0 runs, 0 hits, 0 errors, 0 left on base; California State University at Fullerton 0 - University of Nebraska 11
BOTTOM OF THE 6TH
University of Nebraska Cornhuskers batting - Pitching for California State University at Fullerton Titans : RHP Jordan Vasquez
Batting: LHB Jose Gonzalez 0-0: Ball
1-0: Ball
2-0: Called Strike
2-1: Ball
3-1: Base on Balls
Pitching: RHP John Woods
Batting: RHB Chris Anthony 0-0: Fielders Choice at 2nd, 5-4 (Groundball, 56S, EV 90.0 MPH)
Batting: RHB Matt Peters 0-0: Foul Ball, location: 2F
0-1: Swinging Strike
0-2: Ball
1-2: Ball
2-2: Foul Ball, location: 2F
2-2: Ball
3-2: Foul Ball, location: 2F
3-2: Strikes out looking
Batting: LHB Mike Rawson 0-0: Called Strike
0-1: Swinging Strike
0-2: Foul Ball, location: 2F
0-2: Ball
1-2: Ball
2-2: Strikes out swinging
Bottom of the 6th over - 0 runs, 0 hits, 0 errors, 1 left on base; California State University at Fullerton 0 - University of Nebraska 11
TOP OF THE 7TH
California State University at Fullerton Titans batting - Pitching for University of Nebraska Cornhuskers : RHP Reshid Menderes
Batting: LHB Jim Snell 0-0: Ball
1-0: Ball
2-0: Called Strike
2-1: Ball
3-1: Foul Ball, location: 2F
3-2: Base on Balls
Batting: RHB Simon Sultzbach 0-0: Called Strike
Jim Snell steals 2nd base (no throw)
0-1: Called Strike
0-2: Ball
1-2: Ball
2-2: Ball
3-2: SINGLE (Groundball, 6MD, EV 95.6 MPH)
Jim Snell to third
Runner from 3rd tries for Home, SAFE, throw by CF to home
Batting: LHB Alberto Aguilar 0-0: Called Strike
0-1: Swinging Strike
0-2: Foul Ball, location: 2F
0-2: Ball
1-2: Strikes out swinging
Pitching: RHP Alejandro Echevarria
Batting: RHB Justin Thomas 0-0: Ball
1-0: Called Strike
1-1: Foul Ball, location: 2F
1-2: Ball
2-2: Foul Ball, location: 2F
2-2: Foul Ball, location: 2F
2-2: Strikes out swinging
Batting: LHB John Blumberg 0-0: Ball
1-0: Foul Ball, location: 2F
1-1: Foul Ball, location: 2F
1-2: SINGLE (Groundball, 4D, EV 98.1 MPH)
Simon Sultzbach to second
Batting: LHB Steve Lane 0-0: Called Strike
0-1: Foul Ball, location: 2F
0-2: Ball
1-2: Ball
2-2: Strikes out looking
Top of the 7th over - 1 run, 2 hits, 0 errors, 2 left on base; California State University at Fullerton 1 - University of Nebraska 11
BOTTOM OF THE 7TH
University of Nebraska Cornhuskers batting - Pitching for California State University at Fullerton Titans : RHP John Woods
Batting: LHB Alfonso Escalante 0-0: Called Strike
0-1: Ball
1-1: Ball
2-1: Ball
3-1: Base on Balls
Batting: RHB Tariq Garane 0-0: Ground out 5-3 (Groundball, 56S, EV 69.4 MPH)
Alfonso Escalante to second
Pinch Hitting: SHB Gary Luckwell 0-0: Ground out 4-3 (Groundball, 4, EV 93.8 MPH)
Alfonso Escalante to third
Batting: LHB Bob Appleby 0-0: SINGLE (Groundball, 4, EV 108.8 MPH)
Alfonso Escalante scores
Batting: RHB Zion Jones 0-0: Ball
1-0: Called Strike
1-1: Foul Ball, location: 2F
1-2: Ball
2-2: Ball
3-2: SINGLE (Flyball, 7S, EV 90.6 MPH)
Bob Appleby to second
Bob Appleby to third
Batting: LHB Jose Gonzalez 0-0: Ball
1-0: SINGLE (Line Drive, 5D, EV 103.8 MPH)
Bob Appleby scores
Zion Jones to second
Batting: RHB Chris Anthony 0-0: Swinging Strike
0-1: Ball
1-1: Ball
2-1: SINGLE (Groundball, 4MD, EV 102.5 MPH)
Zion Jones to third
Jose Gonzalez to second
Runner from 3rd tries for Home, SAFE, throw by CF to home
Batting: RHB Matt Peters 0-0: Ball
1-0: Called Strike
1-1: Ball
2-1: Called Strike
2-2: SINGLE (Groundball, 6M, EV 94.4 MPH)
Jose Gonzalez to third
Chris Anthony to second
Batting: LHB Mike Rawson 0-0: SINGLE (Groundball, 4D, EV 98.1 MPH)
Jose Gonzalez scores
Chris Anthony to third
Matt Peters to second
Runner from 3rd tries for Home, SAFE, throw by CF to home
Pitching: RHP John Case
Batting: LHB Alfonso Escalante 0-0: Ball
1-0: Foul Ball, location: 2F
1-1: Ball
2-1: Ball
3-1: Base on Balls
Matt Peters to third
Mike Rawson to second
Pitching: RHP Tyler Van der Lugt
Batting: RHB Tariq Garane 0-0: Called Strike
0-1: Called Strike
0-2: Foul Ball, location: 2F
0-2: Strikes out looking
Bottom of the 7th over - 5 runs, 6 hits, 0 errors, 3 left on base; California State University at Fullerton 1 - University of Nebraska 16
TOP OF THE 8TH
California State University at Fullerton Titans batting - Pitching for University of Nebraska Cornhuskers : RHP Alejandro Echevarria
Now at 2B: Gary Luckwell
Batting: RHB Alex Freyre 0-0: Ball
1-0: Ball
2-0: Ball
3-0: Called Strike
3-1: Foul Ball, location: 2F
3-2: Foul Ball, location: 2F
3-2: Strikes out swinging
Batting: RHB Takayashi Hori 0-0: Ball
1-0: Ball
2-0: Foul Ball, location: 2F
2-1: Ground out 5-3 (Groundball, 56, EV 81.9 MPH)
Batting: LHB Mike Fernandez 0-0: Ball
1-0: SINGLE (Groundball, 4M, EV 103.1 MPH) (infield hit)
Batting: LHB Jim Snell 0-0: Ball
1-0: Ball
2-0: Ball
3-0: Base on Balls
Mike Fernandez to second
Batting: RHB Simon Sultzbach 0-0: Ground out 3-1 (Groundball, 34, EV 101.2 MPH)
Top of the 8th over - 0 runs, 1 hit, 0 errors, 2 left on base; California State University at Fullerton 1 - University of Nebraska 16
BOTTOM OF THE 8TH
University of Nebraska Cornhuskers batting - Pitching for California State University at Fullerton Titans : RHP Tyler Van der Lugt
Batting: SHB Gary Luckwell 0-0: Called Strike
0-1: Ball
1-1: Ball
2-1: Ball
3-1: Called Strike
3-2: SINGLE (Line Drive, 6M, EV 102.5 MPH)
Batting: LHB Bob Appleby 0-0: Called Strike
0-1: Ball
1-1: Swinging Strike
1-2: Foul Ball, location: 2F
1-2: Strikes out swinging
Batting: RHB Zion Jones 0-0: Called Strike
0-1: Ball
1-1: Foul Ball, location: 2F
1-2: Ball
2-2: Hit by Pitch
Gary Luckwell to second
Pinch Runner at 1st Phil Roper:
Batting: LHB Jose Gonzalez 0-0: Fly out, F7 (Flyball, 78D, EV 82.5 MPH)
Batting: RHB Chris Anthony 0-0: Called Strike
0-1: Ball
1-1: Swinging Strike
1-2: Strikes out swinging
Bottom of the 8th over - 0 runs, 1 hit, 0 errors, 2 left on base; California State University at Fullerton 1 - University of Nebraska 16
TOP OF THE 9TH
California State University at Fullerton Titans batting - Pitching for University of Nebraska Cornhuskers : RHP Alejandro Echevarria
Now at 3B: Phil Roper
Batting: LHB Alberto Aguilar 0-0: SINGLE (Groundball, P, EV 84.4 MPH) (infield hit)
Batting: RHB Justin Thomas 0-0: Called Strike
0-1: Ball
1-1: Ball
2-1: Ball
Wild Pitch!
Alberto Aguilar to second
3-1: Swinging Strike
3-2: Strikes out swinging
Pitching: RHP Doug Haas
Batting: LHB John Blumberg 0-0: Ground out 1-3 (Groundball, 13S, EV 68.1 MPH)
Alberto Aguilar to third
Batting: LHB Steve Lane 0-0: Swinging Strike
0-1: Ball
1-1: Foul Ball, location: 2F
1-2: Ground out 4-3 (Groundball, 4S, EV 69.4 MPH)
Top of the 9th over - 0 runs, 1 hit, 0 errors, 1 left on base; California State University at Fullerton 1 - University of Nebraska 16
Sunday, July 16th , 2023 - OOTP Baseball 24.6 Build 69